 Dungeon Crawl Stone Soup version 0.28-a0-544-g207b005307 (webtiles) character file.

Game seed: 9334399542628593929

521 IndexError the Chiller (level 7, -5/36 HPs)
             Began as a Gargoyle Ice Elementalist on Sept 28, 2021.
             Slain by a mummy (12 damage)
             ... in an ossuary.
             The game lasted 00:06:10 (4236 turns).

IndexError the Chiller (Gargoyle Ice Elementalist)  Turns: 4236, Time: 00:06:10

Health: -5/36      AC:  6    Str: 11    XL:     7   Next: 21%
Magic:  0/14       EV: 11    Int: 18    God:
Gold:   198        SH:  0    Dex: 10    Spells: 9/16 levels left

rFire   . . .      SeeInvis .   d - +2 hand axe (elec)
rCold   . . .      Faith    .   (no shield)
rNeg    + . .      Spirit   +   a - +0 robe
rPois   ∞          Reflect  .   (no helmet)
rElec   +          Harm     .   (no cloak)
rCorr   .          Rampage  .   (no gloves)
Will    .....                   (no boots)
Stlth   ++........              n - amulet of guardian spirit {Spirit}
HPRegen 0.12/turn               (no ring)
MPRegen 0.14/turn               (no ring)

@: mighty, marked, flying
A: sickness immunity, AC +4, negative energy resistance 1, electricity
resistance, torment resistance 1, petrification resistance
a: no special abilities


You were in an ossuary.
You visited 1 branch of the dungeon, and saw 4 of its levels.
You also visited: Ossuary.

You collected 198 gold pieces.

Inventory:

Hand Weapons
 d - a +2 hand axe of electrocution (weapon)
   (You found it on level 1 of the Dungeon)
Missiles
 c - a throwing net {=f, !d}
Armour
 a - a +0 robe (worn)
 h - a +1 ring mail of cold resistance
   (You found it on level 2 of the Dungeon)
Jewellery
 n - an amulet of guardian spirit (around neck) {Spirit}
   (You found it on level 3 of the Dungeon)
 o - an amulet of the acrobat
   (You found it on level 4 of the Dungeon)
 q - an amulet of faith {Faith, !P}
   (You found it on level 4 of the Dungeon)
Wands
 p - a wand of charming (9)
   (You found it on level 4 of the Dungeon)
Scrolls
 b - a scroll of summoning {unknown}
 e - 2 scrolls of identify {unknown}
 f - a scroll of teleportation {unknown}
 i - 2 scrolls of fog {unknown}
 j - a scroll of enchant armour {unknown}
 m - 3 scrolls of noise {unknown}
Potions
 g - a potion of flight
 r - a potion of heal wounds {unknown}


   Skills:
 - Level 1.5 Dodging
 - Level 2.1 Stealth
 + Level 5.1 Spellcasting
 + Level 6.6 Ice Magic


You had 9 spell levels left.
You knew the following spells:

 Your Spells              Type           Power      Damage    Failure   Level
a - Freeze                Ice            100%       1d11      1%          1
b - Frozen Ramparts       Ice            56%        1d7       2%          3
A - Ozocubu's Armour      Ice            28%        N/A       2%          3

Your spell library contained the following spells:

 Spells                   Type           Power      Damage    Failure   Level
 Foxfire                  Conj/Fire      16%        2x1d4     13%         1
 Hailstorm                Conj/Ice       16%        3d6       32%         4
 Conjure Flame            Conj/Fire      4%         6-21      36%         3
 Inner Flame              Hex/Fire       4%         N/A       36%         3
 Flame Wave               Conj/Fire      4%         3d3       78%         4


Dungeon Overview and Level Annotations

Branches:
Dungeon (4/15)            Ossuary (1/1)
 Temple: D:4-7

Altars:
Cheibriados
Qazlal


Innate Abilities, Weirdness & Mutations

You are immune to sickness and miasma.
Your stone body is resilient. (AC +4)
You are immune to poison.
You resist negative energy. (rN+)
You are resistant to electric shocks. (rElec)
You are resistant to unholy torment.
You are immune to petrification.


Message History

An orc skeleton comes into view.
A kobold skeleton comes into view.
You hit the orc skeleton.
The orc skeleton hits you but does no damage.
You hit the orc skeleton.
The orc skeleton hits you but does no damage.
The orc skeleton closely misses you.
You barely miss the orc skeleton.
The orc skeleton hits you but does no damage.
You hit the orc skeleton.
Lightning courses through the orc skeleton!
You slash the kobold skeleton!
No target in view!
No target in view!
No target in view!
No target in view!
No target in view!
No target in view!
No target in view!
A zombie and a skeleton come into view.
The sentinel's mark upon you fades away.
You slash the hobgoblin zombie! You hit the kobold skeleton.
Lightning courses through the kobold skeleton!!
No target in view!
No target in view!
No target in view!
No target in view!
No target in view!
A gnoll zombie comes into view.
You slash the gnoll zombie!
Lightning courses through the gnoll zombie!
The gnoll zombie hits you.
You take 2 damage, and have 30/32 hp.
You now have 12/13 mp.
You hit the gnoll zombie.
No target in view!
No target in view!
No target in view!
No target in view!
No target in view!
No target in view!
A rat skeleton comes into view.
MP restored: 13 You slash the rat skeleton!
Lightning courses through the rat skeleton!!
No target in view!
No target in view!
No target in view!
No target in view!
No target in view!
No target in view!
Menkaure, Prince of Dust comes into view.
Menkaure pulls the alarm!
The alarm trap emits a blaring wail!
A sentinel's mark forms upon you. Health restored: 32 Menkaure hits you!
You take 13 damage, and have 19/32 hp.
MASSIVE DAMAGE!!
You now have 9/13 mp.
It was a potion of flight.
You feel very buoyant.
You fly up into the air.
It was a potion of curing.
You feel better.
An orc skeleton comes into view.
Menkaure hits you!
You now have 7/13 mp.
It was a potion of might.
You feel very mighty all of a sudden. Menkaure hits you!
You take 6 damage, and have 14/32 hp.
You now have 5/13 mp.
You hit Menkaure. Lightning courses through Menkaure!!
Menkaure barely misses you.
You slash Menkaure!
The orc skeleton sets off the alarm!
The alarm trap emits a blaring wail!
The mark upon you grows brighter.
Your Spellcasting skill increases to level 5!
You have reached level 7!
You regained 2 hp, and now have 16/36 hp.
A mummy comes into view.
A mummy and a skeleton come into view.
You slash the orc skeleton!
Lightning courses through the orc skeleton!
A rat skeleton comes into view.
A kobold skeleton comes into view.
A goblin zombie comes into view.
You hit the mummy. The mummy hits you.
You take 2 damage, and have 14/36 hp.
You barely miss the mummy. You slash the mummy! The mummy closely misses you.
A mummy comes into view.
You slash the mummy! You barely miss the mummy. You hit the mummy.
The mummy hits you!
* * * LOW HITPOINT WARNING * * *
You take 9 damage, and have 6/36 hp.
MASSIVE DAMAGE!!
You now have 3/14 mp.
You slash the mummy! Lightning courses through the mummy!
You slash the rat skeleton! The goblin zombie closely misses you.
You slash the goblin zombie! You slash the mummy! The mummy hits you!
You die...

##..##..##..####..##..##..##
#..##.^##..## ##..##..##..##
..##..##..## ##.^##..##..##
.##..##..## ##..##..##..##
##..##..## ##..##..##..##
#..##.^## ##..##..##..## ..##..##
##..##..##..#
.##..##############''##..##..##..
##..............@MZZ..##..##..##.
#########################..##..##
............................##..#
###############################..
.................................
#################################


You could see a mummy, a rat skeleton and a kobold skeleton.

Vanquished Creatures
  Menkaure (Ossuary)
  2 necrophages (D:4)
  Jessica (D:2)
  2 mummies (Ossuary)
  4 gnolls (D:4)
  3 adders
  An adder skeleton (D:4)
  3 dart slugs
  2 worms
  An orc (D:3)
  6 ball pythons
  6 endoplasms
  3 giant cockroaches
  8 goblins
  5 hobgoblins
  3 jackals (D:2)
  A kobold (D:1)
  A quokka (D:1)
  8 bats
  6 frilled lizards
  6 gnoll zombies (Ossuary)
  6 goblin skeletons (Ossuary)
  2 goblin zombies (Ossuary)
  2 hobgoblin skeletons (Ossuary)
  4 hobgoblin zombies (Ossuary)
  6 kobold skeletons (Ossuary)
  8 kobold zombies (Ossuary)
  3 orc skeletons (Ossuary)
  2 orc zombies (Ossuary)
  A quokka skeleton (D:4)
  4 rats
  6 rat skeletons (Ossuary)
  3 rat zombies (Ossuary)
120 creatures vanquished.

Vanquished Creatures (others)
  5 plants (D:1)
5 creatures vanquished.

Grand Total: 125 creatures vanquished

Notes
Turn   | Place    | Note
-------+----------+-------------------------------------------
     0 | D:1      | IndexError the Gargoyle Ice Elementalist began the quest
                  | for the Orb.
     0 | D:1      | Reached XP level 1. HP: 10/10 MP: 3/3
   171 | D:1      | Reached XP level 2. HP: 4/15 MP: 3/5
   839 | D:1      | Reached XP level 3. HP: 16/19 MP: 6/6
  1153 | D:1      | Learned a level 3 spell: Frozen Ramparts
  1235 | D:1      | Found a faded altar of an unknown god.
  1573 | D:2      | Found a snail-covered altar of Cheibriados.
  1589 | D:2      | Reached skill level 3 in Spellcasting
  1797 | D:2      | Learned a level 3 spell: Ozocubu's Armour
  1939 | D:2      | Reached XP level 4. HP: 22/24 MP: 8/8
  1985 | D:2      | Noticed Jessica
  1998 | D:2      | HP: 3/24 [Jessica/nerve-wracking pain (6)]
  2000 | D:2      | Killed Jessica
  2001 | D:2      | Reached skill level 5 in Ice Magic
  2517 | D:3      | Found a stormy altar of Qazlal.
  3436 | D:4      | Reached XP level 5. HP: 28/28 MP: 3/10
  3503 | D:4      | Noticed a necrophage
  3517 | D:4      | Killed a necrophage
  3518 | D:4      | Reached skill level 4 in Spellcasting
  3684 | D:4      | Reached XP level 6. HP: 32/32 MP: 5/12
  3792 | D:4      | Noticed a necrophage
  3804 | D:4      | Killed a necrophage
  3805 | D:4      | Reached skill level 6 in Ice Magic
  3837 | D:4      | Found a sand-covered staircase.
  3842 | Ossuary  | Entered an ossuary
  4211 | Ossuary  | Noticed Menkaure
  4219 | Ossuary  | Killed Menkaure
  4220 | Ossuary  | Reached skill level 5 in Spellcasting
  4220 | Ossuary  | Reached XP level 7. HP: 16/36 MP: 5/14
  4230 | Ossuary  | HP: 6/36 [mummy (9)]
  4236 | Ossuary  | Slain by a mummy

Illustrated notes

Levels and vault maps discovered:
D:1:      scummos_arrival_simple_fountains, layout_loops_ring,
          shapermc_ecumenical_altar_hornbeckon, serial_forest,
          infiniplex_forest_clump_cross, infiniplex_forest_straight_5,
          infiniplex_forest_lined_room_2, infiniplex_forest_clump_diagonal,
          infiniplex_forest_clump_tiny, infiniplex_forest_lined_room_3
D:2:      layout_basic, serial_glass, glass_columns_b, glass_columns_a,
          basic_altar, uniq_jessica
D:3:      layout_basic, grunt_qazlal_sundering
D:4:      layout_cave_pools, slow_altar_2, enter_ossuary_2, minmay_cut_off
Ossuary:  ossuary_due_pyramid

Skill      XL: |  1  2  3  4  5  6 |
---------------+-------------------+-----
Spellcasting   | 3 4 5 |  5.1
Ice Magic      | 5 6 |  6.6
Dodging        | |  1.5
Stealth        | |  2.1

Action                   |  1- 3 |  4- 6 |  7- 9 || total
-------------------------+-------+-------+-------++-------
Melee: Dagger            |    22 |       |       ||    22
       Unarmed           |     1 |       |       ||     1
       Hand axe          |    69 |   194 |    11 ||   274
 Cast: Freeze            |     9 |     2 |       ||    11
       Ozocubu's Armour  |       |     2 |       ||     2
       Frozen Ramparts   |       |     2 |       ||     2
  Use: Potion            |       |     3 |       ||     3
 Stab: Sleeping          |     8 |     1 |       ||     9
Armor: Robe              |    49 |    67 |       ||   116
Dodge: Dodged            |    63 |   113 |     2 ||   178

Table legend: (Time is in decaauts)
 A = Elapsed time spent in this place.
 B = Non-inter-level travel time spent in this place.
 C = Inter-level travel time spent in this place.
 D = Time resting spent in this place.
 E = Time spent auto-exploring this place.
 F = Levels seen in this place.
 G = Mean time per level.
                   A        B        C        D        E       F      G
               +--------+--------+--------+--------+--------+-----+--------+
         Total |   4326 |   4078 |    248 |      0 |   3196 |   5 |  865.2 |
       Dungeon |   3899 |   3651 |    248 |      0 |   2987 |   4 |  974.8 |
       Ossuary |    427 |    427 |      0 |      0 |    209 |   1 |  427.0 |
               +--------+--------+--------+--------+--------+-----+--------+

Top non-repeatable levels by time:
     D:1: 1564 daAuts
     D:3: 1009 daAuts
     D:2: 889 daAuts
     D:4: 436 daAuts
 Ossuary: 427 daAuts

Table legend:
 A = Kills in this place as a percentage of kills in entire the game.
 B = Kills by you in this place as a percentage of kills by you in the entire game.
 C = Kills by friends in this place as a percentage of kills by friends in the entire game.
 D = Other kills in this place as a percentage of other kills in the entire game.
 E = Experience gained in this place as a percentage of experience gained in the entire game.
 F = Experience gained in this place divided by the number of levels of this place that you have seen.
                   A       B       C       D       E      F
               +-------+-------+-------+-------+-------+----------------------
         Total | 100.0 | 100.0 |   N/A |   N/A | 100.0 | 149.0
       Dungeon |  57.5 |  57.5 |   N/A |   N/A |  65.2 | 121.5
       Ossuary |  42.5 |  42.5 |   N/A |   N/A |  34.8 | 259.0
               +-------+-------+-------+-------+-------+----------------------
